AoeStats
← Nap0leoN

Arabia

510584184Analyzed
1v1 RM · 13h ago on Oct 1, 2026· 26m 11s· 2 players
Game mode
Random Map
Map size
Tiny (2 player)
Population
200
Speed
Normal
Resources
Standard
Victory
Conquest
Starting age
Dark Age
Ending age
Imperial Age
RankedLock teamsTeams togetherTeam positionsShared explorationLock speedFull tech treeHidden civsTurbo modeCheats
Victory
Defeat
🇧🇷 Varangians · Brazil
1124
+17
🇫🇷 Byzantines · France
1139
-17
MWPS | VERGATE
7:02 Loom
9:44 Feudal Age
10:24 Double-Bit Axe
10:21 Horse Collar
17:20 Wheelbarrow
20:21 Castle Age
19:30 Forging
19:26 Scale Barding Armor
19:35 Fletching
20:51 Gold Mining
22:10 Bloodlines
25:06 Husbandry
Nap0leoN
11:57 Feudal Age
17:12 Castle Age
18:19 Stone Mining
18:17 Double-Bit Axe
19:37 Loom
Connection lost

Rejoining the realm…

Still unreachable

The connection could not be restored.

Session expired

The server has moved on; the page needs a fresh start.